 Dungeon Crawl Stone Soup version 0.24.0-125-gc4c63601f3 (webtiles) character file.

Game seed: 1820914716280567387, levelgen mode: deterministic

1840 Lemonice the Caller (level 9, -1/68 HPs)
             Began as a Barachi Summoner on Feb 20, 2020.
             Was a Follower of Cheibriados.
             Slain by an orc warrior
             ... wielding a +0 trident
             ... led by an orc knight
              (12 damage)
             ... on level 8 of the Dungeon.
             The game lasted 00:31:59 (8338 turns).

Lemonice the Caller (Barachi Summoner)              Turns: 8338, Time: 00:32:00

Health: -1/68      AC:  7    Str: 13    XL:     9   Next: 12%
Magic:  1/16       EV: 15    Int: 22    God:    Cheibriados [*.....]
Gold:   462        SH:  0    Dex: 18    Spells: 8/18 levels left

rFire    . . .     SeeInvis .   A - +0 trident (pierce)
rCold    + . .     Gourm    .   (no shield)
rNeg     . . .     Faith    .   a - +1 leather armour {rF+}
rPois    .         Spirit   .   (no helmet)
rElec    .         Reflect  .   p - scarf {repulsion}
rCorr    .         Harm     .   g - +2 pair of gloves
MR       .....                  (no boots)
Stlth    ++........             (no amulet)
HPRegen  0.21/turn              e - ring of ice
MPRegen  0.15/turn              r - +3 ring of dexterity

@: can't hop, very slightly contaminated, repel missiles, very slow
A: +LOS, swims, slowness 1, strong legs 1
a: Hop, Bend Time, Renounce Religion


You were on level 8 of the Dungeon.
You worshipped Cheibriados.
Cheibriados was aware of your devotion.
You were not hungry.

You visited 2 branches of the dungeon, and saw 9 of its levels.

You collected 462 gold pieces.

Inventory:

Hand Weapons
 n - a +0 trident
 A - a +0 trident of piercing (weapon)
Missiles
 y - 10 boomerangs (quivered)
Armour
 a - a +1 leather armour of fire resistance (worn)
 f - a +2 robe of resistance
 g - a +2 pair of gloves (worn)
 p - a scarf of repulsion (worn)
Jewellery
 b - an uncursed ring of positive energy
 e - a ring of ice (left hand)
 r - a +3 ring of dexterity (right hand)
 C - an uncursed ring of fire
Wands
 q - a wand of paralysis (7)
 x - a wand of clouds (4)
Scrolls
 d - a scroll of immolation
 h - 3 scrolls of fear
 i - a scroll of identify
 m - 3 scrolls of teleportation
 o - 4 scrolls of enchant weapon
 s - a scroll of magic mapping {unknown}
 u - 3 scrolls of remove curse
Potions
 j - a potion of curing {unknown}
 k - 3 potions of agility
 l - a potion of cancellation
 t - a potion of flight
 w - 3 potions of brilliance
 z - 3 potions of lignification
Comestibles
 c - 5 rations


   Skills:
 + Level 5.3 Fighting
 + Level 3.9 Polearms
 + Level 4.8 Armour
 + Level 5.6 Dodging
 - Level 1.7 Stealth
 + Level 5.1 Spellcasting
 + Level 7.5 Summonings
 * Level 2.8 Ice Magic


You had 8 spell levels left.
You knew the following spells:

 Your Spells              Type           Power        Failure   Level  Hunger
a - Summon Small Mammal   Summ           ####         1%          1    None
b - Call Canine Familiar  Summ           #####...     1%          3    ##.....
c - Call Imp              Summ           #####...     1%          2    None
d - Summon Ice Beast      Ice/Summ       #####...     14%         4    ####...

Your spell library contained the following spells:

 Spells                   Type           Power        Failure   Level  Hunger
 Summon Guardian Golem    Hex/Summ       ###.....     8%          3    ##.....
 Summon Lightning Spire   Summ/Air       ###.....     26%         4    ####...


Dungeon Overview and Level Annotations

Branches:
Dungeon (8/15)             Temple (1/1) D:6
   Lair: D:8-11

Altars:
Ashenzari
Cheibriados
Dithmenos
Elyvilon
Fedhas
Gozag
Hepliaklqana
Kikubaaqudgha
Makhleb
Nemelex Xobeh
Okawaru
Qazlal
Ru
Sif Muna
Trog
Uskayaw
Vehumet
Wu Jian
Xom
Yredelemnul
Zin
The Shining One

Shops:
D:3 *

Annotations:
D:3 2 transporters, LambertSimnel's ghost, amateur OpEE


Innate Abilities, Weirdness & Mutations

Shadows flee at your approach. (+LOS)
You can swim through water.
You cover ground slowly.
You can hop short distances.


Message History

The hound bites you.
The orc warrior hits you from afar with a +0 trident!
The hound bites you. The hound bites you but does no damage.
The orc warrior hits you from afar with a +0 trident.
The hound barely misses you. The hound bites you.
* * * LOW HITPOINT WARNING * * *
Casting: Summon Small Mammal (safe; 1% risk of failure)
Confirm with . or Enter, or press ? or * to list all spells.
You feel a surge of power!
You miscast Summon Ice Beast.
You are very lightly contaminated with residual magic.
You resist.
You are caught in an explosion of ice and frost!
The explosion engulfs you! You resist.
* * * LOW HITPOINT WARNING * * *
The explosion engulfs the hound!!
The hound dies!
The orc warrior misses you.
The orc warrior hits you from afar with a +0 trident!
You die...

#(# #..(....#[. #.#
###...#.##. #.# ##.#.#.
). # #.# ##(.(.#.### #.
#.# ##.....#.... #. #.#
#.....)##### ###.##.#
#...r...o... #......#
#.#...###...
#....<@#####.##.## #.#.
#.......oo.).##.# #.#..
#.....#########....###.
#.....# ##### ..
####.## .> #. .#. #.
... ## #.


You could see an orc warrior and an orc.

Vanquished Creatures
  Duvessa (D:4)
  2 ogres
  2 phantoms
  A centaur (D:5)
  A big kobold (D:8)
  A bullfrog (D:6)
  Dowan (D:4)
  A water moccasin skeleton (D:7)
  2 howler monkeys
  A crimson imp (D:5)
  A centaur zombie (D:7)
  A jelly (D:8)
  2 orc priests
  2 orc wizards
  A worker ant (D:7)
  A hound skeleton (D:4)
  4 adders
  2 shadow imps
  2 adder zombies
  A worm (D:3)
  A dart slug (D:1)
  2 leopard geckos (D:6)
  15 orcs
  A ball python (D:2)
  5 bats
  4 giant cockroaches
  3 goblins
  2 hobgoblins
  2 jackals (D:6)
  5 kobolds
  4 frilled lizards
  A leopard gecko zombie (D:5)
  A quokka skeleton (D:4)
  3 rats
79 creatures vanquished.

Vanquished Creatures (collateral kills)
  A water moccasin (D:6)
  An ice beast (D:5)
  An orc warrior (D:6)
  A phantom (D:8)
  An ogre (D:6)
  A centaur (D:8)
  2 big kobolds (D:7)
  2 crimson imps (D:6)
  A jelly (D:6)
  A quasit (D:5)
  A bullfrog skeleton (D:5)
  A hound (D:8)
  A bullfrog zombie (D:6)
  2 orc wizards
  An orc priest (D:3)
  2 centaur skeletons
  Jessica (D:2)
  An iguana (D:5)
  2 worker ants
  A hound zombie (D:6)
  4 adders
  A shadow imp (D:8)
  4 dart slugs
  A leopard gecko (D:4)
  11 orcs
  4 bats
  2 giant cockroaches
  6 goblins
  3 hobgoblins
  2 jackals (D:6)
  4 frilled lizards
  9 kobolds
76 creatures vanquished.

Vanquished Creatures (others)
  A hound (D:8)
1 creature vanquished.

Grand Total: 156 creatures vanquished

Notes
Turn   | Place    | Note
-------+----------+-------------------------------------------
     0 | D:1      | Lemonice the Barachi Summoner began the quest for the Orb.
     0 | D:1      | Reached XP level 1. HP: 13/13 MP: 3/3
   145 | D:1      | Reached skill level 5 in Summonings
   154 | D:1      | Reached XP level 2. HP: 18/20 MP: 3/5
   739 | D:1      | Reached skill level 1 in Fighting
  1164 | D:2      | Reached XP level 3. HP: 15/26 MP: 2/6
  1169 | D:2      | Learned a level 3 spell: Call Canine Familiar
  1580 | D:2      | Noticed Jessica
  1591 | D:2      | Killed Jessica
  1695 | D:2      | Reached XP level 4. HP: 29/32 MP: 8/8
  2109 | D:3      | Noticed LambertSimnel's ghost (amateur OpEE)
  2348 | D:3      | Found a transporter.
  2626 | D:3      | Found an opulent altar of Gozag.
  2736 | D:3      | Found Gozag's Platinum Reserve.
  2883 | D:3      | Found a transporter.
  2954 | D:3      | Reached skill level 1 in Armour
  2954 | D:3      | Reached XP level 5. HP: 17/38 MP: 9/9
  3381 | D:4      | Noticed a phantom
  3807 | D:4      | Reached skill level 1 in Polearms
  4056 | D:4      | Reached XP level 6. HP: 44/46 MP: 7/11
  4171 | D:4      | Noticed Duvessa
  4172 | D:4      | Noticed Dowan
  4215 | D:4      | Killed Duvessa
  4215 | D:4      | Reached skill level 6 in Summonings
  4236 | D:4      | Killed Dowan
  4381 | D:4      | Killed a phantom
  4381 | D:4      | Reached XP level 7. HP: 41/52 MP: 9/12
  4508 | D:5      | Entered Level 5 of the Dungeon
  4840 | D:5      | Learned a level 2 spell: Call Imp
  5527 | D:6      | Reached XP level 8. HP: 58/60 MP: 14/14
  5603 | D:6      | Reached skill level 5 in Dodging
  5622 | D:6      | Reached skill level 7 in Summonings
  5872 | D:6      | Found a staircase to the Ecumenical Temple.
  5887 | Temple   | Entered the Ecumenical Temple
  6489 | Temple   | Became a worshipper of Cheibriados the Contemplative
  7228 | D:7      | Learned a level 4 spell: Summon Ice Beast
  7345 | D:7      | Found an ancient bone altar of Kikubaaqudgha.
  7645 | D:7      | Reached skill level 1 in Ice Magic
  7650 | D:7      | Reached * piety under Cheibriados
  8020 | D:8      | Reached skill level 5 in Fighting
  8020 | D:8      | Reached skill level 5 in Spellcasting
  8083 | D:8      | Reached XP level 9. HP: 39/68 MP: 10/16
  8289 | D:8      | Noticed an orc knight
  8338 | D:8      | Slain by an orc warrior

Levels and vault maps discovered:
D:1:      ncdulo_lavacross, layout_loops_ring, corexii_item_surrounded_by_moat
D:2:      layout_basic, first_ration, uniq_jessica
D:3:      layout_loops_ring, gammafunk_ghost_stat_death,
          nicolae_gozag_zags_fifth_avenue
D:4:      layout_basic, uniq_duvessa
D:5:      layout_loops_ring
D:6:      minmay_chambers_of_threes, layout_basic,
          minmay_temple_entry_mini_moons, chequers_serial_rivers_room_a,
          minmay_misc_feat_ornament
D:7:      layout_basic, lemuel_doored_altar
D:8:      minmay_the_grid_plus [minmay_the_grid_x, minmay_the_grid_armoury,
          minmay_the_grid_odd_star, minmay_the_grid_spikes,
          minmay_the_grid_prize_big_room], layout_loops_ring
Temple:   nicolae_temple_the_god_donut

Skill      XL: |  1  2  3  4  5  6  7  8 |
---------------+-------------------------+-----
Summonings     | 5 6 7 |  7.5
Fighting       | 1 2 3 4 5 |  5.3
Dodging        | 3 4 5 |  5.6
Armour         | 1 2 3 4 |  4.8
Spellcasting   | 3 4 5 |  5.1
Polearms       | 1 2 3 |  3.9
Ice Magic      | 2 |  2.8
Stealth        | |  1.7

Action                   |  1- 3 |  4- 6 |  7- 9 || total
-------------------------+-------+-------+-------++-------
Melee: Unarmed           |    14 |       |       ||    14
       Club              |    99 |    39 |       ||   138
       Trident           |       |   143 |   279 ||   422
Throw: Boomerang         |       |       |     2 ||     2
 Cast: Summon Small Mamm |    17 |       |     1 ||    18
       Call Canine Famil |     5 |    24 |    24 ||    53
       Call Imp          |       |       |    10 ||    10
       Summon Ice Beast  |       |       |     6 ||     6
 Abil: Hop               |       |     4 |     2 ||     6
  Use: Scroll            |       |     7 |     6 ||    13
       Potion            |       |     4 |       ||     4
 Stab: Sleeping          |     1 |     2 |       ||     3
       Distracted        |       |     4 |     6 ||    10
  Eat: Chunk             |     4 |    12 |     4 ||    20
       Ration            |       |       |     4 ||     4
Armor: Robe              |    48 |     9 |       ||    57
       Leather armour    |       |    14 |    72 ||    86
Dodge: Dodged            |   136 |   113 |   228 ||   477
       Deflected         |       |     6 |     7 ||    13
